 Dungeon Crawl Stone Soup version 0.30-a0-1008-g30c9307041 (webtiles) character file.

Game seed: 14995461972014431290

422 bande the Chopper (level 6, -6/39 HPs)
             Began as a Gargoyle Fighter on Apr 4, 2023.
             Mangled by an ogre
             ... wielding a +0 giant spiked club
              (17 damage)
             ... on level 4 of the Dungeon on Apr 5, 2023.
             The game lasted 00:06:08 (4024 turns).

bande the Chopper (Gargoyle Fighter)                Turns: 4024, Time: 00:06:08

Health: -6/39      AC: 16    Str: 20    XL:     6   Next: 95%
Magic:  6/6        EV:  9    Int:  8    God:
Gold:   200        SH:  4    Dex: 11    Spells: 5/5 levels left

rFire   . . .      SeeInvis .    a - +1 war axe
rCold   . . .      Faith    +    c - +0 buckler
rNeg    + . .      Spirit   .    b - +0 scale mail
rPois   ∞          Reflect  .    m - +1 helmet
rElec   +          Rampage  .    j - +0 cloak
rCorr   .                        (no gloves)
Will    .....                    l - +0 pair of boots Stlth
                                 i - amulet of faith
HPRegen 0.26/turn                (no ring)
MPRegen 0.10/turn                (no ring)

@: no status effects
A: sickness immunity, AC +4, negative energy resistance 1, electricity
resistance, torment resistance 1, petrification resistance
a: no special abilities


You were on level 4 of the Dungeon.
You visited 1 branch of the dungeon, and saw 4 of its levels.

You collected 200 gold pieces.

Inventory:

Hand Weapons
 a - a +1 war axe (weapon)
 n - a +1 heavy flail
Armour
 b - a +0 scale mail (worn)
 c - a +0 buckler (worn)
 j - a +0 cloak (worn)
 l - a +0 pair of boots (worn)
 m - a +1 helmet (worn)
Jewellery
 g - a ring of ice
 i - an amulet of faith (around neck)
 p - an amulet of the acrobat
Scrolls
 k - a scroll of enchant armour
Potions
 d - 3 potions of might
 e - 2 potions of curing
 f - a potion of haste {unknown}
 h - 3 potions of heal wounds
 o - a potion of ambrosia {unknown}


   Skills:
 + Level 4.7 Fighting
 + Level 4.8 Axes
 + Level 4.6 Armour
 + Level 4.0 Shields


You had 5 spell levels left.
You didn't know any spells.
Your spell library contained the following spells:

 Spells                   Type           Power      Damage    Failure   Level
 Beastly Appendage        Tmut           0%         N/A       83%         1
 Wereblood                Tmut           0%         N/A       93%         2
 Spider Form              Tmut/Pois      0%         N/A       99%         3


Dungeon Overview and Level Annotations

Branches:
Dungeon (4/15)
 Temple: D:4-7

Altars:
Xom


Innate Abilities, Weirdness & Mutations

You are immune to sickness and miasma.
Your stone body is resilient. (AC +4)
You are immune to poison.
You resist negative energy. (rN+)
You are resistant to electric shocks. (rElec)
You are resistant to unholy torment.
You are immune to petrification.


Message History

Moving in this stuff is going to be slow.
You enter the shallow water.
Moving in this stuff is going to be slow.
You see here a +0 scale mail.
A goblin comes into view. It is wielding a +0 club.
The goblin shouts!
A goblin is nearby!
The goblin hits you but does no damage.
You barely miss the goblin. The goblin hits you but does no damage.
You hit the goblin.
The goblin is heavily wounded.
The goblin hits you but does no damage. The goblin completely misses you.
You hit the goblin but do no damage.
The goblin is heavily wounded.
The goblin closely misses you.
You slash the goblin!
You kill the goblin!
No target in view!
You see here a +0 club.
Found a stone staircase leading up.
p - an amulet of the acrobat
There is a stone staircase leading up here.
Found a stone staircase leading down.
An ogre comes into view. It is wielding a +0 giant spiked club.
Found a war axe.
The ogre shouts!
An ogre is nearby!
The ogre hits you with a +0 giant spiked club!
You barely miss the ogre.
The ogre hits you with a +0 giant spiked club!
* * * LOW HITPOINT WARNING * * *
You are too injured to fight recklessly!
You are too injured to fight recklessly!
You are too injured to fight recklessly!
You are too injured to fight recklessly!
You are too injured to fight recklessly!
You hit the ogre.
The ogre is lightly wounded.
The ogre hits you with a +0 giant spiked club!
You die...

#.#####...#####.##.#.#.#######
####.### ##.######......)....)...
#<.....####......####.#.#.######.
#.##.#.............*##...## #.
..##.######.####.#.# ##.## #.
####.# #.# #)#.# #.# #. #.##
#.####.#.####.# #. ####..#
#.............****** #.
......#####.####@...>...,,,,,* #)
.####...<...# #O#.###.#****,* #)
.# #.####### #.#,# *,* *,* #. .#
#.# #.#,***,*****,* #. .# #)#
#.#,,,,<,,,,*,* ## .# #.#
#.#****,,,,,,,* ## #.# #.#
*****,,,* #.# #.# *,,,* #.# *,*
*,,,*


You could see an ogre.

Vanquished Creatures
  A black bear (D:4)
  4 orc priests (D:4)
  Crazy Yiuf (D:3)
  2 iguanas (D:4)
  An orc wizard (D:4)
  An adder (D:4)
  2 worms (D:3)
  A dart slug (D:2)
  10 orcs
  8 endoplasms
  2 giant cockroaches
  11 goblins
  7 hobgoblins
  4 jackals (D:3)
  A quokka (D:2)
  6 ball pythons
  7 bats
  A frilled lizard (D:3)
  7 kobolds
  9 rats
86 creatures vanquished.

Notes
Turn   | Place    | Note
-------+----------+-------------------------------------------
     0 | D:1      | bande the Gargoyle Fighter began the quest for the Orb.
     0 | D:1      | Reached XP level 1. HP: 14/14 MP: 1/1
   179 | D:1      | Reached XP level 2. HP: 19/19 MP: 2/2
   935 | D:2      | Reached XP level 3. HP: 24/24 MP: 3/3
  1225 | D:2      | You fall into a shaft and drop 2 floors!
  1241 | D:4      | Reached XP level 4. HP: 16/29 MP: 4/4
  1943 | D:3      | Reached XP level 5. HP: 29/33 MP: 5/5
  2220 | D:3      | Found a runed translucent door.
  2221 | D:3      | Noticed Crazy Yiuf
  2672 | D:3      | Upgraded the game from 0.30-a0-996-ga6910c8ee8 to
                  | 0.30-a0-1008-g30c9307041
  2679 | D:3      | Killed Crazy Yiuf
  3258 | D:4      | Reached XP level 6. HP: 24/39 MP: 6/6
  3569 | D:4      | Noticed a black bear
  3585 | D:4      | Killed a black bear
  3907 | D:4      | Found a shimmering altar of Xom.
  4024 | D:4      | Mangled by an ogre

Illustrated notes

Levels and vault maps discovered:
D:1:      kennysheep_arrival_seaside, layout_basic
D:2:      kennysheep_the_goblin_king, layout_basic, st_stairs_7, minmay_vboxes
D:3:      layout_loops_ring, uniq_crazy_yiuf_cottage
D:4:      layout_loops_ring, tgw_xom, sigmund_army

Skill      XL: |  1  2  3  4  5  6 |
---------------+-------------------+-----
Axes           | 2 3 4 |  4.8
Fighting       | 4 |  4.7
Armour         | 4 |  4.6
Shields        | 4 |  4.0

Action                     |  1- 3 |  4- 6 || total
---------------------------+-------+-------++-------
  Melee: War axe           |    91 |   163 ||   254
    Use: Scroll            |       |     9 ||     9
 Armour: Scale mail        |    56 |   113 ||   169
         Skin              |       |     3 ||     3
  Dodge: Dodged            |    49 |    90 ||   139
  Block: Buckler           |    21 |    42 ||    63

Table legend: (Time is in decaauts)
 A = Elapsed time spent in this place.
 B = Non-inter-level travel time spent in this place.
 C = Inter-level travel time spent in this place.
 D = Time resting spent in this place.
 E = Time spent auto-exploring this place.
 F = Levels seen in this place.
 G = Mean time per level.
                   A        B        C        D        E       F      G
               +--------+--------+--------+--------+--------+-----+--------+
         Total |   4136 |   3917 |    219 |    873 |   2388 |   4 | 1034.0 |
       Dungeon |   4136 |   3917 |    219 |    873 |   2388 |   4 | 1034.0 |
               +--------+--------+--------+--------+--------+-----+--------+

Top non-repeatable levels by time:
     D:4: 1475 daAuts
     D:3: 1030 daAuts
     D:2: 902 daAuts
     D:1: 728 daAuts
